 Dungeon Crawl Stone Soup version 0.24.0-123-gd5b16e6ec5 (webtiles) character file.

Game seed: 10871645803417877126, levelgen mode: deterministic

10843 Curus the Spear-Bearer (level 11, -5/90 HPs)
             Began as a Merfolk Gladiator on Dec 16, 2019.
             Was an Elder of Makhleb.
             Slain by a minotaur
             ... wielding an uncursed staff of fire
              (7 damage)
             ... in a Gauntlet on Dec 17, 2019.
             The game lasted 00:59:53 (9985 turns).

Curus the Spear-Bearer (Merfolk Gladiator)          Turns: 9985, Time: 00:59:53

Health: -5/90      AC: 11    Str: 16    XL:     11   Next: 68%
Magic:  0/14       EV: 21    Int:  9    God:    Makhleb [****..]
Gold:   471        SH:  0    Dex: 24    Spells: 10/10 levels left

rFire    + . .     SeeInvis .   o - +0 spear (venom)
rCold    + . .     Gourm    .   (no shield)
rNeg     + . .     Faith    .   q - +1 ring mail {rF+}
rPois    +         Spirit   +   B - +2 helmet of the Pink Corner {+Inv rN+ Int+2}
rElec    +         Reflect  .   A - scarf {cloud immunity}
rCorr    .         Harm     .   g - +0 pair of gloves
MR       .....     NoTele   +   m - +0 pair of boots
Stlth    +.........             y - amulet of guardian spirit
HPRegen  0.25/turn              G - ring of Uskayaw's Generosity {+Inv rElec Dex+2}
MPRegen  0.14/turn              N - ring "Muloa" {rElec rPois rC+ Dex+4}

@: no status effects
A: change form in water, swift swim, stealthy swim, low mp 1
a: Minor Destruction, Lesser Servant of Makhleb, Major Destruction, Renounce
Religion, Evoke Invisibility


You were in a Gauntlet.
You worshipped Makhleb.
Makhleb was greatly pleased with you.
You were very hungry.

You visited 2 branches of the dungeon, and saw 11 of its levels.
You also visited: Gauntlet.

You collected 471 gold pieces.

Inventory:

Hand Weapons
 a - a +1 trident
 o - a +0 spear of venom (weapon)
 L - a +0 trident of venom
Missiles
 d - 3 throwing nets (quivered)
Armour
 b - a +0 leather armour
 c - a +0 helmet
 g - a +0 pair of gloves (worn)
 j - a +2 hat
 k - a +1 leather armour of fire resistance
 m - a +0 pair of boots (worn)
 q - a +1 ring mail of fire resistance (worn)
 A - a scarf of cloud immunity (worn)
 B - the +2 helmet of the Pink Corner (worn) {+Inv rN+ Int+2}
   (You found it in a Gauntlet)

   It affects your intelligence (+2).
   It protects you from negative energy.
   It lets you turn invisible.
 F - the cursed +0 ring mail "Qoeveruham" {rN+ MR++ Int-3}
   (You found it on level 9 of the Dungeon)

   It affects your intelligence (-3).
   It protects you from negative energy.
   It affects your resistance to hostile enchantments.
   It has a curse placed upon it.
 J - the +1 leather armour of Mein {rPois rN+ MR- rCorr}
   (You found it on level 1 of the Lair of Beasts)

   It protects you from poison.
   It protects you from negative energy.
   It affects your resistance to hostile enchantments.
   It provides partial protection from all sources of acid and corrosion.
Jewellery
 h - a +3 ring of intelligence
 l - a +2 ring of evasion
 p - an uncursed amulet of harm
 r - an uncursed ring of teleportation
 w - an uncursed ring of fire
 y - an amulet of guardian spirit (around neck)
 G - the ring of Uskayaw's Generosity (left hand) {+Inv rElec Dex+2}
   (You found it on level 9 of the Dungeon)

   [ring of dexterity]

   It affects your dexterity (+2).
   It insulates you from electricity.
   It lets you turn invisible.
 N - the ring "Muloa" (right hand) {rElec rPois rC+ Dex+4}
   (You found it in a Gauntlet)

   [ring of protection from cold]

   It affects your dexterity (+4).
   It protects you from cold.
   It insulates you from electricity.
   It protects you from poison.
 O - an uncursed ring of stealth
Wands
 s - a wand of random effects (10)
 u - a wand of flame (25)
 x - a wand of digging (8)
 K - a wand of acid (6)
Scrolls
 e - 4 scrolls of teleportation
 i - 6 scrolls of remove curse
 t - a scroll of identify
 z - 3 scrolls of amnesia
 C - a scroll of blinking
Potions
 n - 3 potions of flight
 v - a potion of brilliance
 D - a potion of curing
 E - a potion of might
 H - 2 potions of cancellation
 I - a potion of agility
Comestibles
 f - 19 rations


   Skills:
 - Level 9.8 Fighting
 - Level 14.1 Polearms
 - Level 2.0 Throwing
 - Level 11.8 Dodging
 + Level 6.8 Invocations
 + Level 6.2 Evocations


You had 10 spell levels left.
You didn't know any spells.
Your spell library was empty.

Dungeon Overview and Level Annotations

Branches:
Dungeon (9/15)             Temple (0/1) D:6            Lair (2/6) D:9
Gauntlet (1/1)
  Swamp: Lair:2-4    Shoals: Lair:2-4     Snake: Lair:2-4    Spider: Lair:2-4
    Orc: D:9-12

Altars:
Cheibriados
Kikubaaqudgha
Makhleb
Nemelex Xobeh
Okawaru
Ru
Uskayaw
The Shining One

Annotations:
D:3 Sigmund
D:6 2 runed translucent doors, pachvara's ghost, novice TrMo Gauntlet 8 transporters


Innate Abilities, Weirdness & Mutations

You revert to your normal form in water.
You are very nimble and swift while swimming.
You are very stealthy in the water. (Stealth+)
Your magical capacity is low. (-10% MP)


Message History

Aim: a minotaur, wielding a staff of fire and wearing a +0 plate armour (lightly wounded, poisoned)
You reach to attack!
You barely miss the minotaur.
The minotaur is lightly wounded.
The minotaur hits your orange demon with an uncursed staff of fire!!
Your orange demon dies!
Attack whom?
Press: ? - help, Dir - move target cursor, f/p - minotaur
Aim: a minotaur, wielding a staff of fire and wearing a +0 plate armour (lightly wounded, poisoned)
Okay, then.
Unknown command.
A demon appears!
You can no longer summon a greater servant of Makhleb.
The minotaur throws a javelin.
The javelin pierces through you.
* * * LOW HITPOINT WARNING * * *
The minotaur hits you with an uncursed staff of fire.
* * * LOW HITPOINT WARNING * * *
The minotaur burns you!
* * * LOW HITPOINT WARNING * * *
The minotaur gores you!
You die...

##.(#...## .♣.##..
.#.=#.♣..##......#
©.#©#.P...#.♣.##.#
#.#.#..P♣.#...##..
.##)#...P.#.©....# ##..
#^s##.....#...##.##....#
#####.....#.©.##...(# #
.......∩..#....H4# '.
#####.....#.©.##@##.#
....#.....#(..##(...#
#.#.#...P.#.©....##.#
.^..#...♣.#...##.# ..
©#.©#..P..#.♣.##... #.#
.#..#.♣..##......##.# .
###.#...###.♣.##.# ..
....#...≈##...#### ##
#####...≈≈# ###


You could see a minotaur and a friendly hellwing.

Vanquished Creatures
  A fire crab (Gauntlet)
  A shining eye (Gauntlet)
  An ugly thing (D:8)
  Joseph (Lair:1)
  2 spiny frogs (Lair:1)
  An efreet (Gauntlet)
  A komodo dragon (Lair:1)
  3 hippogriffs
  3 fire elementals (Gauntlet)
  2 fire bats (Gauntlet)
  3 vampire mosquitoes (Lair:2)
  An insubstantial wisp (Lair:2)
  Edmund (D:5)
  6 water moccasins
  A floating eye (Gauntlet)
  5 porcupines
  A hell hound (Gauntlet)
  An ice beast (D:8)
  2 black bears
  2 orc warriors (D:7)
  2 sky beasts
  A phantom (D:6)
  3 crocodiles
  5 ogres
  4 centaurs
  A big kobold (D:7)
  10 bullfrogs
  A gnoll sergeant (D:7)
  A scorpion (D:6)
  18 killer bees
  2 howler monkeys
  3 electric eels (D:5)
  3 crimson imps
  7 hounds
  2 quasits
  3 jellies
  3 orc priests
  A gnoll shaman (D:8)
  3 iguanas
  7 orc wizards
  4 worker ants
  A hound skeleton (D:4)
  A hound zombie (D:6)
  A howler monkey zombie (D:7)
  2 worker ant zombies (D:7)
  8 adders
  14 gnolls
  2 shadow imps (D:7)
  An ooze (D:6)
  2 adder zombies
  2 adder skeletons
  2 worms
  4 dart slugs
  5 leopard geckos
  17 orcs
  11 bats
  2 giant cockroaches
  6 hobgoblins
  19 jackals
  3 quokkas
  6 frilled lizards
  A giant cockroach zombie (D:5)
  10 goblins
  15 kobolds
  2 leopard gecko skeletons
  A leopard gecko zombie (D:3)
  2 quokka skeletons
  5 rats
  A bush (D:4)
  A plant (Lair:2)
270 creatures vanquished.

Vanquished Creatures (collateral kills)
  A komodo dragon (Lair:2)
1 creature vanquished.

Vanquished Creatures (others)
  9 fungi (D:9)
9 creatures vanquished.

Grand Total: 280 creatures vanquished

Notes
Turn   | Place    | Note
-------+----------+-------------------------------------------
     0 | D:1      | Curus the Merfolk Gladiator began the quest for the Orb.
     0 | D:1      | Reached XP level 1. HP: 16/16 MP: 1/1
   114 | D:1      | Reached skill level 5 in Polearms
   123 | D:1      | Reached XP level 2. HP: 22/22 MP: 2/2
   493 | D:2      | Reached skill level 6 in Polearms
   493 | D:2      | Reached XP level 3. HP: 21/27 MP: 3/3
   783 | D:2      | Found a sparkling altar of Nemelex Xobeh.
   850 | D:2      | Reached skill level 7 in Polearms
   850 | D:2      | Reached XP level 4. HP: 25/33 MP: 4/4
  1515 | D:3      | Reached skill level 8 in Polearms
  1515 | D:3      | Reached XP level 5. HP: 38/38 MP: 5/5
  1629 | D:3      | Noticed Sigmund
  2273 | D:4      | Found a burning altar of Makhleb.
  2277 | D:4      | Became a worshipper of Makhleb the Destroyer
  2503 | D:4      | Noticed an ogre
  2514 | D:4      | Killed an ogre
  2514 | D:4      | Reached skill level 9 in Polearms
  2695 | D:4      | Reached XP level 6. HP: 44/44 MP: 6/6
  3098 | D:4      | Reached skill level 10 in Polearms
  3197 | D:4      | Reached XP level 7. HP: 36/50 MP: 7/7
  3422 | D:5      | Entered Level 5 of the Dungeon
  3427 | D:5      | Reached skill level 11 in Polearms
  3498 | D:5      | Found a transporter.
  3532 | D:5      | Found a transporter.
  3647 | D:5      | Reached skill level 12 in Polearms
  4015 | D:5      | Noticed Edmund
  4031 | D:5      | Killed Edmund
  4031 | D:5      | Reached XP level 8. HP: 25/56 MP: 8/8
  4245 | D:5      | Reached skill level 13 in Polearms
  4638 | D:6      | Found an iron altar of Okawaru.
  4719 | D:6      | Found a glowing golden altar of the Shining One.
  4739 | D:6      | Reached skill level 14 in Polearms
  4778 | D:6      | Reached * piety under Makhleb
  4897 | D:6      | Reached skill level 5 in Dodging
  4994 | D:6      | Found a snail-covered altar of Cheibriados.
  5040 | D:6      | Found a staircase to the Ecumenical Temple.
  5077 | D:6      | Found an ancient bone altar of Kikubaaqudgha.
  5194 | D:6      | Found a large runed translucent door.
  5194 | D:6      | Found a large runed translucent door.
  5196 | D:6      | Noticed pachvara's ghost (novice TrMo)
  5298 | D:7      | Reached XP level 9. HP: 65/65 MP: 9/9
  5307 | D:7      | Found a sacrificial altar of Ru.
  5576 | D:7      | Reached skill level 5 in Fighting
  5726 | D:7      | Reached ** piety under Makhleb
  6574 | D:7      | Reached *** piety under Makhleb
  6628 | D:8      | Noticed a cyan ugly thing
  6644 | D:8      | Killed a cyan ugly thing
  6644 | D:8      | Reached skill level 10 in Dodging
  6644 | D:8      | Reached XP level 10. HP: 75/80 MP: 7/10
  6721 | D:8      | Noticed a +0 hand axe
  6721 | D:8      | Noticed a +0 hand axe
  6722 | D:8      | Found a hide-covered altar of Uskayaw.
  7412 | D:8      | Reached **** piety under Makhleb
  7955 | D:9      | Got a warped ring mail
  7964 | D:9      | Got a scintillating silver ring
  7966 | D:9      | Identified the ring of Uskayaw's Generosity {+Inv rElec
                  | Dex+2} (You found it on level 9 of the Dungeon)
  8199 | D:9      | Found a staircase to the Lair.
  8297 | D:9      | Identified the cursed +0 ring mail "Qoeveruham" {rN+ MR++
                  | Int-3} (You found it on level 9 of the Dungeon)
  8299 | Lair:1   | Entered Level 1 of the Lair of Beasts
  8336 | Lair:1   | Reached skill level 1 in Invocations
  8336 | Lair:1   | Reached skill level 1 in Evocations
  8409 | Lair:1   | Noticed Joseph
  8429 | Lair:1   | Killed Joseph
  8429 | Lair:1   | Reached XP level 11. HP: 90/90 MP: 10/13
  8600 | Lair:1   | Got a fine leather armour
  9271 | Lair:1   | Identified the +1 leather armour of Mein {rPois rN+ MR-
                  | rCorr} (You found it on level 1 of the Lair of Beasts)
  9361 | Lair:2   | Reached ***** piety under Makhleb
  9378 | Lair:2   | Reached skill level 5 in Invocations
  9489 | Lair:2   | Found a gate leading to a gauntlet.
  9510 | Gauntlet | Entered a Gauntlet
  9510 | Gauntlet | Found a transporter.
  9517 | Gauntlet | Found a transporter.
  9517 | Gauntlet | Noticed a shining eye
  9519 | Gauntlet | Found a transporter.
  9522 | Gauntlet | Noticed a fire crab
  9528 | Gauntlet | Found a transporter.
  9530 | Gauntlet | Found a transporter.
  9532 | Gauntlet | Noticed an orb spider
  9540 | Gauntlet | an orb spider changed into a komodo dragon
  9541 | Gauntlet | Found a transporter.
  9541 | Gauntlet | Noticed a swamp dragon
  9551 | Gauntlet | Noticed a two-headed ogre
  9552 | Gauntlet | Noticed a death drake
  9552 | Gauntlet | a two-headed ogre changed into a death drake
  9558 | Gauntlet | Noticed an orb spider
  9558 | Gauntlet | a raiju changed into an orb spider
  9560 | Gauntlet | Found a transporter.
  9561 | Gauntlet | a death drake changed into a wind drake
  9569 | Gauntlet | Found the +8 demon blade "Leech" {vamp, rN+ AC-3 EV-3}
  9569 | Gauntlet | Noticed a minotaur
  9570 | Gauntlet | Found a transporter.
  9580 | Gauntlet | Found a transporter.
  9602 | Gauntlet | Found a transporter.
  9615 | Gauntlet | Found a transporter.
  9616 | Gauntlet | Found a transporter.
  9662 | Gauntlet | Found a transporter.
  9667 | Gauntlet | Noticed a moth of wrath
  9676 | Gauntlet | Found a transporter.
  9771 | Gauntlet | Paralysed by a floating eye for 4 turns
  9772 | Gauntlet | Reached skill level 5 in Evocations
  9776 | Gauntlet | Gained mutation: Your magical capacity is low. (-10% MP) [a
                  | shining eye]
  9791 | Gauntlet | Killed a shining eye
  9816 | Gauntlet | Noticed a glowing orange brain
  9838 | Gauntlet | Killed a fire crab
  9848 | Gauntlet | Got a transparent tin ring
  9852 | Gauntlet | Identified the ring "Muloa" {rElec rPois rC+ Dex+4} (You
                  | found it in a Gauntlet)
  9952 | Gauntlet | Noticed a swamp dragon
  9953 | Gauntlet | Noticed a fire crab
  9954 | Gauntlet | Got a pitted helmet
  9967 | Gauntlet | Identified the +2 helmet of the Pink Corner {+Inv rN+
                  | Int+2} (You found it in a Gauntlet)
  9969 | Gauntlet | Identified the +2 fustibalus of Temperance {flame, SInv}
  9985 | Gauntlet | HP: 2/90 [minotaur/uncursed staff of fire (4)]
  9985 | Gauntlet | Slain by a minotaur

Levels and vault maps discovered:
D:1:      giann_forest_graveyard, layout_basic
D:2:      layout_basic, overflow_temple_1_default, first_ration
D:3:      layout_basic, uniq_sigmund
D:4:      layout_rooms, overflow_temple_1_default, serial_forest,
          infiniplex_forest_clump_medium, infiniplex_forest_zigzag_2,
          infiniplex_forest_clump_long, infiniplex_forest_end_2,
          infiniplex_forest_split, infiniplex_forest_lined_room_2,
          hangedman_abyss_or_decor_stagger, grunt_ministairs_8
D:5:      gammafunk_steamed_eel, layout_loops_ring, grunt_ministairs_11,
          uniq_edmund
D:6:      layout_rooms, kennysheep_mini, lemuel_doored_altar, slow_altar_2,
          minmay_temple_entry_proselytizer, ebering_ghost_disaster_area,
          okawaru_metal_pillars_3
D:7:      layout_layer_cave, enter_bailey_7, nicolae_ru_awakened_eye
D:8:      layout_loops_corners, dancing_weapons_uskayaw
D:9:      layout_stronghold, due_lair_maze_entry_diamond,
          kennysheep_orc_monster_closet_entryway, grunt_pizzeria,
          kennysheep_generic_room_6
Lair:1:   layout_roguey, grunt_megastairs_3, uniq_joseph
Lair:2:   layout_cave_pods, dummy_snake_entry, special_room [special_room_bee],
          gauntlet_entry_generic, pond, grunt_megastairs_5
Gauntlet: minmay_gauntlet_77_tree [minmay_gauntlet_arena_77_museum,
          minmay_gauntlet_arena_77_braids,
          minmay_gauntlet_arena_77_radiant_squares,
          minmay_gauntlet_arena_77_mirror, minmay_gauntlet_arena_77_mess,
          minmay_gauntlet_arena_77_broken_ladder,
          minmay_gauntlet_arena_77_chump_sandwich, gauntlet_exit_green]

Skill      XL: |  1  2  3  4  5  6  7  8  9 10 11 |
---------------+----------------------------------+-----
Polearms       | 5 6 7 8 9 10 12 14 | 14.1
Fighting       | 4 8 9 |  9.8
Dodging        | 6 10 11 | 11.8
Invocations    | 3 6 |  6.8
Evocations     | 2 6 |  6.2
Throwing       | |  2.0

Action                   |  1- 3 |  4- 6 |  7- 9 | 10-12 || total
-------------------------+-------+-------+-------+-------++-------
Melee: Trident           |    96 |   196 |   286 |       ||   578
       Spear             |       |       |   293 |   791 ||  1084
       Tailslap          |       |       |       |     4 ||     4
Invok: Lesser Servant of |       |       |       |     3 ||     3
Evoke: Wand              |       |       |     3 |       ||     3
  Use: Scroll            |     8 |     4 |     3 |     4 ||    19
       Potion            |     4 |     5 |     9 |     2 ||    20
 Stab: Sleeping          |       |     4 |     1 |     4 ||     9
       Invisible         |       |       |     6 |       ||     6
       Distracted        |       |       |       |     1 ||     1
  Eat: Chunk             |       |     4 |     8 |    10 ||    22
       Ration            |       |     1 |     1 |       ||     2
Armor: Leather armour    |    28 |    52 |    33 |    42 ||   155
       Ring mail         |       |       |       |     6 ||     6
Dodge: Dodged            |    64 |   156 |   225 |   411 ||   856
